Map: 에코 - 래더

Players

Leenock

  • Race: Zerg Zerg
  • League: Master
  • Spawn Location: 5:00

TYTY (TY) - Winner!

  • Race: Terran Terran
  • League: Diamond
  • Spawn Location: 11:00

VOD

Have the link to the VOD?

Description

Time

  • Played on: Nov. 26, 2016, 4:30 a.m.
  • Length: 5:45
Show
View Real Time Build Order
Export as new Build Order

Leenock Zerg 

Build Orders: Hatch First, Zergling Baneling 

Get SALT Encoding   

  12  0:00  Drone  
  13  0:12  Overlord  
  13  0:16  Drone  
  14  0:30  Drone  
  14  0:31  Drone  
  14  0:35  Drone  
  17  0:52  Hatchery  
  17  0:54  Drone  
  17  0:56  Drone  
  18  1:06  Extractor  
  17  1:11  Spawning Pool  
  17  1:15  Drone  
  17  1:18  Drone  
  18  1:28  Drone  
  19  1:38  Overlord  
  19  1:58  Zergling x2, Queen  
  19  2:00  Zergling x2  
  23  2:03  Queen  
  23  2:04  Zergling x2  
  23  2:06  Metabolic Boost  
  26  2:13  Drone  
  26  2:14  Drone  
  28  2:21  Drone  
  29  2:27  Drone  
  30  2:34  Drone  
  31  2:38  Queen, Drone  
  31  2:43  Zergling x2  
  34  2:51  Queen, Extractor  
  34  2:53  Overlord  
  34  2:54  Overlord  
  35  3:12  Zergling x12  
  38  3:19  Zergling x2  
  39  3:21  Zergling x2  
  38  3:34  Zergling x2  
  38  3:35  Zergling x6  
  42  3:42  Overlord  
  42  3:53  Zergling x4  
  44  3:57  Zergling x6  
  44  3:58  Baneling Nest  
  46  4:05  Zergling x2  
  46  4:07  Zergling x4  
  46  4:09  Zergling x2  
  50  4:13  Zergling x2  
  50  4:16  Zergling x2  
  52  4:20  Zergling x2  
  52  4:21  Zergling x2  
  54  4:26  Zergling x2  
  54  4:27  Zergling x2  
  54  4:31  Zergling x2  
  57  4:41  Zergling x2  
  57  4:42  Zergling x4  
  60  4:57  Baneling x12  
Show
View Real Time Build Order
Export as new Build Order

TYTY Terran - Winner!

Build Orders:  

Get SALT Encoding   

  12  0:02  SCV  
  14  0:14  SCV  
  14  0:17  Supply Depot  
  14  0:26  SCV  
  15  0:39  SCV  
  16  0:44  Barracks, Refinery  
  16  0:51  SCV  
  17  0:59  Barracks  
  17  1:03  SCV  
  18  1:15  SCV  
  19  1:31  Reaper  
  19  1:32  Orbital Command  
  20  1:35  Barracks  
  20  1:44  Supply Depot  
  20  1:46  Reaper  
  21  1:52  Refinery  
  21  1:58  SCV  
  22  2:04  Reaper  
  23  2:10  SCV  
  24  2:21  Reaper  
  25  2:24  SCV  
  26  2:38  Reaper  
  26  2:41  Command Center  
  26  2:43  SCV  
  28  2:48  Supply Depot, Reaper  
  29  2:55  SCV  
  30  3:01  Reaper  
  31  3:10  Reaper, SCV  
  32  3:21  Reaper  
  32  3:23  SCV  
  34  3:33  Command Center  
  35  3:36  SCV, Barracks Tech Lab  
  35  3:48  Barracks Reactor  
  35  3:49  SCV  
  35  3:53  Barracks Reactor  
  35  3:54  Marine  
  37  3:56  Orbital Command  
  37  4:00  Combat Shields  
  37  4:01  SCV  
  38  4:12  Marine  
  38  4:13  SCV  
  40  4:18  Engineering Bay x2  
  40  4:22  SCV  
  41  4:24  Marine x2  
  41  4:25  SCV  
  41  4:30  Marine x3  
  47  4:34  SCV  
  47  4:37  SCV  
  49  4:42  Marine x2  
  51  4:46  SCV  
  51  4:48  Marine  
  51  4:51  Orbital Command  
  53  4:53  SCV  
  53  4:54  Marine  
  53  4:55  Marine  
  53  4:58  SCV  
  57  5:01  Marine x2  
  57  5:05  Factory  
  59  5:07  SCV  
  59  5:10  SCV  
  61  5:15  Engineering Bay  
  61  5:21  Marine  
Tags
 
Add a new tag
Caveats
  • Supply blocks, unpowered buildings, or Contaminate may cause inaccurate times.
  • Supply counts are checked every 10 seconds.